AoeStats
← Carbonatjon

African Clearing

505283464Analyzed
2v2 RM · 25d ago on Sep 8, 2026· 60m 52s· 4 players
Game mode
Random Map
Map size
Medium (4 player)
Population
200
Speed
Normal
Resources
Standard
Victory
Conquest
Starting age
Dark Age
Ending age
Imperial Age
RankedLock teamsTeams togetherTeam positionsShared explorationLock speedFull tech treeHidden civsTurbo modeCheats
Victory
Defeat
🇸🇪 Spanish · Sweden
1151
+16
🇸🇪 Berbers · Sweden
1151
+16
🇹🇷 Malians · Türkiye
1165
-16
🇹🇷 Goths · Türkiye
1149
-16
Carbonatjon
7:25 Loom
12:52 Feudal Age
13:34 Town Watch
16:45 Castle Age
17:02 Double-Bit Axe
17:53 Bow Saw
18:26 Horse Collar
27:14 Padded Archer Armor
28:49 Leather Archer Armor
30:24 Fletching
36:48 Bodkin Arrow
40:18 Wheelbarrow
41:10 Bloodlines
41:02 Husbandry
44:14 Imperial Age
42:00 Hand Cart
45:05 Ballistics
44:56 Masonry
45:19 Conscription
44:27 Elite Conquistador
45:41 Ring Archer Armor
46:23 Chemistry
47:34 Supremacy
47:51 Hoardings
48:37 Gold Mining
48:38 Stone Mining
51:00 Architecture
55:25 Bracer
55:39 Thumb Ring
56:43 Fervor
56:54 Sanctity
60:34 Light Cavalry
Mr Carbe
7:09 Loom
16:01 Feudal Age
17:21 Horse Collar
21:38 Castle Age
20:56 Double-Bit Axe
21:04 Gold Mining
21:42 Stone Mining
24:01 Scale Barding Armor
25:14 Forging
27:16 Wheelbarrow
28:14 Bloodlines
28:40 Town Watch
29:38 Husbandry
33:15 Heavy Plow
33:30 Fletching
35:50 Iron Casting
40:23 Imperial Age
39:40 Chain Barding Armor
40:20 Hand Cart
40:39 Bodkin Arrow
42:53 Murder Holes
43:19 Ballistics
45:10 Conscription
49:57 Cavalier
61:31 Blast Furnace
61:07 Plate Barding Armor
ilia topuria
8:41 Loom
16:35 Feudal Age
21:40 Castle Age
20:20 Scale Mail Armor
20:30 Double-Bit Axe
21:04 Man-at-Arms
21:48 Arson
21:41 Long Swordsman
22:22 Squires
24:42 Pikeman
27:55 Chain Mail Armor
36:15 Town Watch
46:34 Elite Skirmisher
EtZeL
3:37 Loom
15:53 Feudal Age
16:21 Town Watch
21:19 Castle Age
20:10 Fletching
20:49 Double-Bit Axe
21:30 Padded Archer Armor
30:21 Elite Skirmisher
30:25 Pikeman
31:02 Horse Collar
32:04 Squires
32:35 Scale Mail Armor
33:36 Forging
34:35 Heavy Plow
35:36 Chain Mail Armor
36:28 Iron Casting
37:23 Bodkin Arrow
39:44 Leather Archer Armor
40:31 Wheelbarrow
42:20 Man-at-Arms
47:29 Imperial Age
48:11 Bow Saw
47:38 Halberdier
49:46 Bracer
Connection lost

Rejoining the realm…

Still unreachable

The connection could not be restored.

Session expired

The server has moved on; the page needs a fresh start.